 Dungeon Crawl Stone Soup version 0.21.0-3-g78d12a8 (webtiles) character file.

2335 Monsterracer the Cleaver (level 9, -1/82 HPs)
             Began as a Deep Dwarf Fighter on Jan 12, 2018.
             Slain by a two-headed ogre
             ... wielding a +0 giant club
              (8 damage)
             ... on level 8 of the Dungeon.
             The game lasted 00:05:50 (4783 turns).

Monsterracer the Cleaver (Deep Dwarf Fighter)       Turns: 4783, Time: 00:05:51

Health: -1/82      AC: 18    Str: 27    XL:     9   Next: 19%
Magic:  7/7        EV:  7    Int:  9    God:
Gold:   345        SH:  0    Dex: 12    Spells: 8/8 levels left

rFire    . . .     SeeInvis .   d - +3 battleaxe (curse)
rCold    . . .     Gourm    .   (shield currently unavailable)
rNeg     . . .     Faith    .   i - +1 plate armour of Summer {rElec Str+4 Stlth-} (curse)
rPois    .         Spirit   .   n - +1 helmet
rElec    +         Reflect  .   m - +0 cloak
rCorr    .         Harm     .   (no gloves)
MR       +....                  (no boots)
Stlth    ..........             (no amulet)
HPRegen  0.00/turn              (no ring)
MPRegen  0.10/turn              (no ring)

@: non-regenerating
A: damage resistance, heal wounds, sense surroundings 2, no regeneration
a: Heal Wounds


You were on level 8 of the Dungeon.
You were not hungry.

You visited 2 branches of the dungeon, and saw 9 of its levels.

You collected 345 gold pieces.

Inventory:

Hand Weapons
 a - a +1 war axe
 d - a cursed +3 battleaxe (weapon)
 p - a +2 dire flail of venom
 t - a +1 battleaxe
Missiles
 s - a throwing net (quivered)
Armour
 f - a +0 shield
 i - the cursed +1 plate armour of Summer (worn) {rElec Str+4 Stlth-}
   (You found it on level 6 of the Dungeon)

   It affects your strength (+4).
   It insulates you from electricity.
   It makes you less stealthy.
   It has a curse placed upon it.
 m - a +0 cloak (worn)
 n - a +1 helmet (worn)
Wands
 l - a wand of flame (51)
Scrolls
 e - 3 scrolls of remove curse
Potions
 b - 2 potions of flight
 h - 5 potions of curing
 j - a potion of might
 k - 2 potions of haste
 o - a potion of agility
 r - a potion of resistance {unknown}
Books
 g - a book of Minor Magic

   Spells                             Type                      Level
   a - Magic Dart                     Conjuration                  1
   b - Blink                          Translocation                2
   c - Call Imp                       Summoning                    2
   d - Slow                           Hexes                        2
   e - Conjure Flame                  Conjuration/Fire             3
   f - Mephitic Cloud                 Conjuration/Poison/Air       3
Comestibles
 c - 14 rations


   Skills:
 + Level 6.1 Fighting
 * Level 9.5 Axes
 + Level 7.4 Armour
 - Level 4.4 Shields


You had 8 spell levels left.
You didn't know any spells.

Dungeon Overview and Level Annotations

Branches:
Dungeon (8/15)             Temple (1/1) D:6
   Lair: D:8-11

Altars:
Ashenzari
Cheibriados
Dithmenos
Elyvilon
Fedhas
Gozag
Hepliaklqana
Nemelex Xobeh
Okawaru
Qazlal
Ru
Sif Muna
Trog
Uskayaw
Vehumet
Wu Jian
Yredelemnul
Zin

Shops:
D:5 :


Innate Abilities, Weirdness & Mutations

You are resistant to damage.
You can heal yourself by infusing magical energy.
You passively map the area around you.
You do not regenerate.


Message History

You are too hungry to fight recklessly!
You closely miss the hungry ghost.
The hungry ghost is moderately damaged.
The hungry ghost hits you.
You feel slightly more hungry. The hungry ghost hits you.
You feel slightly more hungry.
You barely miss the hungry ghost.
The hungry ghost is moderately damaged.
The hungry ghost completely misses you.
Your plate armour of Summer prevents you from hitting the hungry ghost.
The hungry ghost is moderately damaged.
The hungry ghost hits you.
You feel slightly more hungry.
You take 1 damage, and have 59/82 hp.
Eat a chunk of flesh? (ye/n/q)
You eat the chunk of flesh.
This raw flesh tastes terrible.
You are near starving!
The hungry ghost hits you.
You are starving!
You barely miss the hungry ghost. The hungry ghost hits you.
You feel somewhat more hungry.
Unknown command.
Adjust (i)tems, (s)pells, or (a)bilities?
Adjust which item? (? for menu, Esc to quit)
f - 15 rations Adjust to which letter? (? for menu, Esc to quit)
c - 15 rations;
f - a +0 shield You slice the hungry ghost!!
You destroy the hungry ghost!
Your life force feels restored.
You eat one of the 15 rations.
That ration really hit the spot!
There is a stone staircase leading down here.
You see here a giant spiked club.
You see here a robe.
You see here a giant spiked club.
There is an open door here.
An adder comes into view.
An adder is nearby!
An adder is nearby!
You closely miss the adder.
The adder bites you but does no damage. x2
You slice the adder!!
You kill the adder!
No target in view!
h - 5 potions of curing (gained 2) Key pressed, stopping explore.
No target in view!
No target in view!
q - a scroll of identify No target in view!
Done exploring.
As you read the scroll of identify, it crumbles to dust.
o - a potion of agility
There is an open door here.
You see here a giant spiked club.
You see here a robe.
There is a stone staircase leading down here.
You climb downwards.
A two-headed ogre comes into view.
It is wielding a giant club and a giant spiked club.
Found 8 poisoned needles.
There is a stone staircase leading up here.
You barely miss the two-headed ogre.
The two-headed ogre hits you with a giant club!
The two-headed ogre hits you with a giant spiked club.
Your plate armour of Summer prevents you from hitting the two-headed ogre.
The two-headed ogre hits you with a giant club!!
* * * LOW HITPOINT WARNING * * *
The two-headed ogre barely misses you.
You are too injured to fight recklessly!
A two-headed ogre is nearby!
A two-headed ogre is nearby!
A two-headed ogre is nearby!
A two-headed ogre is nearby!
You can't go down here!
You are too injured to fight recklessly!
You are too injured to fight recklessly!
A two-headed ogre is nearby!
You take 39 damage, and have 20/82 hp.
MASSIVE DAMAGE!!
You slash the two-headed ogre!
The two-headed ogre is lightly wounded.
The two-headed ogre barely misses you.
The two-headed ogre hits you but does no damage.
You barely miss the two-headed ogre.
The two-headed ogre is lightly wounded.
You feel much better.
The two-headed ogre hits you but does no damage.
The two-headed ogre hits you with a giant spiked club!
You regained 13 hp, and now have 33/82 hp.
You hit the two-headed ogre but do no damage.
The two-headed ogre is lightly wounded.
The two-headed ogre hits you with a giant club.
The two-headed ogre barely misses you.
You take 3 damage, and have 30/82 hp.
You completely miss the two-headed ogre.
The two-headed ogre is lightly wounded.
The two-headed ogre hits you with a giant club!
The two-headed ogre hits you with a giant spiked club!!
* * * LOW HITPOINT WARNING * * *
You take 23 damage, and have 7/82 hp.
MASSIVE DAMAGE!!
You slice the two-headed ogre!!
The two-headed ogre is heavily wounded.
The two-headed ogre hits you with a giant club!
You die...

** *
,, *
, ,,
, ,,*
* * *
* ,,
, * *
### ,
#<# ,
* * ,
#@#
,**
,#O#
* ,
,*,
#.# *
** *,
#.# *
* #.#
#.#*,
* *
*,
#(#
,,, *
* #.#
** *,
*


You could see a two-headed ogre.

Vanquished Creatures
  A hungry ghost (D:7)
  Edmund (D:5)
  3 sky beasts
  An orc warrior (D:6)
  The ghost of Monsterracer the Covered, an amateur DDFi (D:3)
  4 ogres (D:7)
  3 centaurs
  6 wights
  An electric eel (D:6)
  2 crimson imps
  A jelly (D:7)
  An orc priest (D:6)
  3 hounds
  2 bullfrog skeletons
  An iguana (D:5)
  Terence (D:3)
  4 orc wizards
  Ijyb (D:3)
  3 worker ants
  A hound zombie (D:6)
  A worker ant zombie (D:5)
  8 adders
  3 shadow imps
  An ooze (D:2)
  An adder skeleton (D:6)
  2 worms
  A dart slug (D:1)
  5 leopard geckos
  16 orcs
  3 giant cockroaches
  10 goblins
  6 hobgoblins
  10 jackals
  2 quokkas
  A ball python (D:2)
  A ball python skeleton (D:4)
  8 bats
  2 frilled lizards
  8 kobolds
  A quokka zombie (D:6)
  9 rats
140 creatures vanquished.

Notes
Turn   | Place    | Note
-------+----------+-------------------------------------------
     0 | D:1      | Monsterracer the Deep Dwarf Fighter began the quest for the Orb.
     0 | D:1      | Reached XP level 1. HP: 20/20 MP: 1/1
   260 | D:1      | Reached XP level 2. HP: 24/27 MP: 2/2
   413 | D:3      | Found a deep blue altar of Sif Muna.
   427 | D:3      | Found a glowing silver altar of Zin.
   430 | D:3      | Found a sparkling altar of Nemelex Xobeh.
   438 | D:3      | Found an opulent altar of Gozag.
   454 | D:3      | Noticed Monsterracer's ghost (amateur DDFi)
   605 | D:4      | Reached skill level 3 in Axes
   605 | D:4      | Reached XP level 3. HP: 31/34 MP: 2/2
   846 | D:4      | Reached XP level 4. HP: 25/42 MP: 3/3
   909 | D:5      | Entered Level 5 of the Dungeon
  1012 | D:5      | Reached skill level 4 in Axes
  1024 | D:5      | Reached XP level 5. HP: 38/49 MP: 3/3
  1164 | D:5      | Reached XP level 6. HP: 26/56 MP: 4/4
  1288 | D:5      | Found Zacsuf's Book Shop.
  1297 | D:5      | Reached skill level 5 in Axes
  1390 | D:6      | Found a staircase to the Ecumenical Temple.
  1432 | Temple   | Entered the Ecumenical Temple
  1868 | D:6      | Found a sacrificial altar of Ru.
  1908 | D:6      | Reached skill level 5 in Armour
  1908 | D:6      | Reached XP level 7. HP: 49/64 MP: 5/5
  1968 | D:6      | Got an ancient plate armour
  2044 | D:6      | Identified the cursed +1 plate armour of Summer {rElec Str+4 Stlth-} (You found it on level 6 of the Dungeon)
  2141 | D:6      | Reached skill level 6 in Axes
  2252 | D:6      | Reached skill level 7 in Axes
  2577 | D:3      | Noticed Terence
  2584 | D:3      | Killed Terence
  2625 | D:3      | Noticed Ijyb
  2634 | D:3      | Killed Ijyb
  2634 | D:3      | Reached XP level 8. HP: 56/73 MP: 6/6
  2748 | D:3      | Killed Monsterracer's ghost
  2919 | D:3      | Found a faded altar of an unknown god.
  3217 | D:2      | Found a snail-covered altar of Cheibriados.
  3234 | D:2      | Reached skill level 5 in Fighting
  3856 | D:5      | Noticed Edmund
  3862 | D:5      | Killed Edmund
  3895 | D:5      | Reached skill level 8 in Axes
  4439 | D:7      | Reached skill level 9 in Axes
  4468 | D:7      | Gained mutation: You passively map the area around you. [Deep Dwarf growth]
  4468 | D:7      | Reached XP level 9. HP: 29/82 MP: 7/7
  4774 | D:8      | Noticed a two-headed ogre
  4783 | D:8      | Slain by a two-headed ogre

Skill      XL: |  1  2  3  4  5  6  7  8  9 |
---------------+----------------------------+-----
Fighting       | 3 4 5 6 |  6.1
Axes           | 3 4 5 7 9 |  9.5
Armour         | 4 5 7 |  7.4
Shields        | 4 |  4.4

Action                   |  1- 3 |  4- 6 |  7- 9 || total
-------------------------+-------+-------+-------++-------
Melee: War axe           |    83 |    47 |       ||   130
       Battleaxe         |       |    46 |   295 ||   341
 Abil: Heal Wounds       |     1 |     2 |     6 ||     9
  Use: Scroll            |     3 |     3 |     8 ||    14
       Potion            |       |     1 |       ||     1
  Eat: Chunk             |       |     4 |    10 ||    14
       Ration            |       |       |     1 ||     1
Armor: Scale mail        |    42 |    24 |       ||    66
       Chain mail        |       |    47 |     2 ||    49
       Plate armour      |       |       |   257 ||   257
Dodge: Dodged            |    27 |    41 |   129 ||   197
Block: Shield            |    51 |    23 |       ||    74

Vault maps used:
D:1:      tarquinn_simple_flora_water_f, minmay_liquid_box
D:2:      overflow_temple_1_default, lightli_corner_chamber
D:3:      grunt_temple_overflow_cloverleaf, first_ration,
          chequers_ecumenical_altar_lobes, uniq_terence, uniq_ijyb
D:5:      serial_shops, shop, uniq_edmund
D:6:      nicolae_ru_great_annihilating_truth, temple_statues,
          serial_bayou_ford_a
D:7:      grunt_ogre_cave
D:8:      grunt_temple_overflow_champion_of_chaos, tso_metal_star,
          lemuel_crystal_altar, serial_shops, shop, hangedman_decor_points
Temple:   hc_temple_tempest_star
